 Dungeon Crawl Stone Soup version 0.30-a0-241-g1121274140 (webtiles) character file.

Game seed: 9339839491366994948

142 funkygono the Digger (level 5, -1/28 HPs)
             Began as a Gargoyle Earth Elementalist on Oct 10, 2022.
             Slain by a river rat (2 damage)
             ... in a sewer.
             The game lasted 00:03:43 (2181 turns).

funkygono the Digger (Gargoyle Earth Elementalist)  Turns: 2181, Time: 00:03:43

Health: -1/28      AC:  6    Str: 11    XL:     5   Next: 25%
Magic:  10/10      EV: 12    Int: 18    God:
Gold:   63         SH:  0    Dex: 10    Spells: 5/11 levels left

rFire   + . .      SeeInvis .    k - +0 whip
rCold   . . .      Faith    .    (no shield)
rNeg    + . .      Spirit   .    a - +0 robe
rPois   ∞          Reflect  .    (no helmet)
rElec   +          Harm     .    (no cloak)
rCorr   .          Rampage  .    (no gloves)
Will    .....                    (no boots)
Stlth   +.........               (no amulet)
HPRegen 0.24/turn                h - ring of protection from fire
MPRegen 0.12/turn                (no ring)

@: very slow
A: sickness immunity, AC +4, negative energy resistance 1, electricity
resistance, torment resistance 1, petrification resistance
a: no special abilities


You were in a sewer.
You visited 1 branch of the dungeon, and saw 3 of its levels.
You also visited: Sewer.

You collected 63 gold pieces.

Inventory:

Hand Weapons
 j - the +5 spear "Erocsi" {holy, *Noise rPois rN+ Will+}
   (You found it on level 2 of the Dungeon)

   It has been blessed by the Shining One to cause great damage to the undead
   and demons.
   rPois:     It protects you from poison.
   rN:        It protects you from negative energy.
   *Noise:    It may make noises in combat.
   Will:      It increases your willpower.
 k - a +0 whip (weapon)
Armour
 a - a +0 robe (worn)
Jewellery
 h - a ring of protection from fire (left hand)
Scrolls
 c - a scroll of identify {unknown}
 f - a scroll of teleportation {unknown}
 i - a scroll of enchant armour {unknown}
 m - 2 scrolls of butterflies {unknown}
 n - a scroll of noise {unknown}
 o - a scroll of vulnerability {unknown}
 p - 2 scrolls of enchant weapon {unknown}
Potions
 d - a potion of might {unknown}
 e - 3 potions of heal wounds {unknown}
 g - 2 potions of curing {unknown}
 l - 2 potions of degeneration {unknown}


   Skills:
 + Level 0.6 Maces & Flails
 + Level 1.6 Dodging
 - Level 2.1 Stealth
 * Level 3.8 Spellcasting
 + Level 0.8 Transmutations
 + Level 5.1 Earth Magic


You had 5 spell levels left.
You knew the following spells:

 Your Spells              Type           Power      Damage    Failure   Level
a - Sandblast             Erth           44%        2d11      1%          1
b - Passwall              Tmut/Erth      11%        N/A       7%          2
c - Stone Arrow           Conj/Erth      24%        3d8       16%         3

Your spell library contained the following spells:

 Spells                   Type           Power      Damage    Failure   Level
 Slow                     Hex            12%        N/A       16%         1
 Poisonous Vapours        Pois/Air       6%         N/A       22%         2
 Confusing Touch          Hex            3%         N/A       41%         3
 Inner Flame              Hex/Fire       3%         N/A       41%         3
 Mephitic Cloud           Conj/Pois/Air  3%         N/A       41%         3
 Vampiric Draining        Necr           3%         2d6       41%         3
 Petrify                  Tmut/Erth      14%        N/A       41%         4
 Flame Wave               Conj/Fire      3%         2d5       83%         4
 Sticky Flame             Conj/Fire      3%         2d3       83%         4
 Cigotuvi's Dreadful Rot  Necr/Pois/Air  Unusable   N/A       N/A         2

Dungeon Overview and Level Annotations

Branches:
Dungeon (3/15)              Sewer (1/1)

Altars:


Innate Abilities, Weirdness & Mutations

You are immune to sickness and miasma.
Your stone body is resilient. (AC +4)
You are immune to poison.
You resist negative energy. (rN+)
You are resistant to electric shocks. (rElec)
You are resistant to unholy torment.
You are immune to petrification.


Message History

The river rat attacks as you move away! The river rat barely misses you.
The river rat attacks as you move away! The river rat barely misses you. x2
You see here an adder corpse.
The river rat attacks as you move away! The river rat bites you!
The river rat attacks as you move away! The river rat closely misses you.
You enter the shallow water.
Moving in this stuff is going to be slow.
The river rat bites you.
You enter the shallow water.
Moving in this stuff is going to be slow.
The river rat attacks as you move away! The river rat bites you.
The river rat attacks as you move away! The river rat misses you.
Casting: Sandblast (safe; 1% risk of failure)
Confirm with . or Enter, or press ? or * to list all spells.
Aiming: Sandblast (safe; 1% risk of failure)
Press: ? - help, Shift-Dir - straight line, f/p - river rat
Aim: a river rat (81% to hit)
The blast of sand hits the river rat!
The river rat is almost dead.
The river rat bites you. x2
Unknown command.
Casting: Sandblast (safe; 1% risk of failure)
Confirm with . or Enter, or press ? or * to list all spells.
Aiming: Sandblast (safe; 1% risk of failure)
Press: ? - help, Shift-Dir - straight line, f/p - river rat
Aim: a river rat (water, almost dead, 81% to hit)
The blast of sand hits the river rat.
You kill the river rat!
The river rat bites you but does no damage.
Unknown command.
The river rat attacks as you move away!
The river rat bites you but does no damage.
The river rat misses you. The river rat closely misses you.
You see here a giant cockroach corpse.
The river rat attacks as you move away! The river rat bites you.
* * * LOW HITPOINT WARNING * * *
Magic courses through your body. The river rat bites you!
* * * LOW HITPOINT WARNING * * *
The river rat bites you.
You die...

#.≈~# ###### #~≈~# ....#
#~≈~#####''#####+
#.~~~~..†........
#~~~~.~.†........
#~≈~#####''#####+ #~≈~#
....# #~rr# ######
#######~≈@################
≈≈≈≈≈≈≈~≈~~.~..~~~~~~~~.~.
≈≈≈≈≈≈≈~≈≈≈≈≈≈≈≈≈≈≈≈≈≈≈≈≈≈
≈≈≈≈≈≈≈~~~†~~.†..~~~~~.~~†
##########################


You could see 2 river rats.

Vanquished Creatures
  8 adders
  2 river rats (Sewer)
  A worm (Sewer)
  6 ball pythons
  5 endoplasms
  4 giant cockroaches
  A goblin (D:1)
  6 hobgoblins
  2 quokkas (D:1)
  11 bats
  3 frilled lizards
  A kobold (D:1)
  2 rats (D:1)
52 creatures vanquished.

Notes
Turn   | Place    | Note
-------+----------+-------------------------------------------
     0 | D:1      | funkygono the Gargoyle Earth Elementalist began the quest
                  | for the Orb.
     0 | D:1      | Reached XP level 1. HP: 10/10 MP: 3/3
   177 | D:1      | Reached skill level 4 in Earth Magic
   270 | D:1      | Reached XP level 2. HP: 15/15 MP: 3/5
   273 | D:1      | Learned a level 2 spell: Passwall
   966 | D:2      | Identified the +5 spear "Erocsi" {holy, *Noise rPois rN+
                  | Will+}
  1143 | D:2      | Reached XP level 3. HP: 19/19 MP: 3/6
  1147 | D:2      | Learned a level 3 spell: Stone Arrow
  1719 | D:3      | Found a glowing drain.
  1732 | D:3      | Reached XP level 4. HP: 22/24 MP: 4/8
  1749 | Sewer    | Entered a sewer
  2104 | Sewer    | Reached skill level 5 in Earth Magic
  2108 | Sewer    | Reached XP level 5. HP: 24/28 MP: 5/10
  2181 | Sewer    | HP: 1/28 [river rat (8)]
  2181 | Sewer    | Slain by a river rat

Illustrated notes

Levels and vault maps discovered:
D:1:      evilmike_arrival_hilbert_curve, layout_basic,
          chequers_serial_rivers_room_a
D:2:      layout_basic
D:3:      layout_basic, mainiacjoe_overflow_24_doors, gup_sewer_entry_glass,
          serial_bayou_ford_a, kennysheep_generic_room_7
Sewer:    sewer_fruit_machine

Skill      XL: |  1  2  3  4 |
---------------+-------------+-----
Earth Magic    | 4 5 |  5.1
Spellcasting   | 3 |  3.8
Maces & Flails | |  0.6
Dodging        | |  1.6
Stealth        | |  2.1
Transmutations | |  0.8

Action                   |  1- 3 |  4- 6 || total
-------------------------+-------+-------++-------
Melee: Unarmed           |    16 |       ||    16
       Club              |     4 |       ||     4
       Whip              |    10 |     4 ||    14
 Cast: Sandblast         |    39 |    32 ||    71
  Use: Potion            |       |     1 ||     1
Armor: Robe              |    12 |    20 ||    32
Dodge: Dodged            |    29 |    28 ||    57

Table legend: (Time is in decaauts)
 A = Elapsed time spent in this place.
 B = Non-inter-level travel time spent in this place.
 C = Inter-level travel time spent in this place.
 D = Time resting spent in this place.
 E = Time spent auto-exploring this place.
 F = Levels seen in this place.
 G = Mean time per level.
                   A        B        C        D        E       F      G
               +--------+--------+--------+--------+--------+-----+--------+
         Total |   2264 |   2215 |     49 |     41 |   1755 |   4 |  566.0 |
       Dungeon |   1771 |   1722 |     49 |     41 |   1391 |   3 |  590.3 |
         Sewer |    492 |    492 |      0 |      0 |    364 |   1 |  492.0 |
               +--------+--------+--------+--------+--------+-----+--------+

Top non-repeatable levels by time:
     D:1: 969 daAuts
     D:2: 741 daAuts
   Sewer: 492 daAuts
     D:3: 60 daAuts
